 Dungeon Crawl Stone Soup version 0.29.0-4-gdea44cf6ec (webtiles) character file.

Game seed: 8762867485994198921

10280 apoch the Spear-Bearer (level 11, -8/90 (99) HPs)
             Began as a Minotaur Fighter on Aug 27, 2022.
             Was an Initiate of Gozag.
             Killed from afar by Nergalle (11 damage)
             ... with a bolt of negative energy
             ... on level 10 of the Dungeon.
             The game lasted 00:31:56 (12684 turns).

apoch the Spear-Bearer (Minotaur Fighter)          Turns: 12684, Time: 00:31:57

HP:   -8/90 (99)    AC: 14    Str: 25    XL:     11   Next: 34%
MP:   10/10         EV:  7    Int:  5    God:    Gozag
Gold: 2008          SH: 13    Dex: 16    Spells: 10/10 levels left

rFire   + + .      SeeInvis .   a - +1 broad axe
rCold   + + .      Faith    .   W - +2 shield of Resistance {rF++ rC++ Will++}
rNeg    . . .      Spirit   .   D - +0 chain mail
rPois   .          Reflect  .   (helmet restricted)
rElec   .          Harm     .   Y - +0 cloak
rCorr   +          Rampage  .   f - +0 pair of gloves
Will    ++...                   (no boots)
Stlth   ..........              (no amulet)
HPRegen 0.25/turn               t - +6 ring of dexterity
MPRegen 0.12/turn               H - ring of resist corrosion

@: drained
A: horns 2, retaliatory headbutt
a: Renounce Religion, Potion Petition, Call Merchant, Bribe Branch


You were on level 10 of the Dungeon.
You worshipped Gozag.
Gozag was most pleased with you.
You visited 1 branch of the dungeon, and saw 10 of its levels.
You also visited: Sewer and Bailey.

You collected 2735 gold pieces.
You spent 705 gold pieces at shops.
You paid 22 gold pieces to Gozag.

Inventory:

Hand Weapons
 a - a +1 broad axe (weapon)
 b - a +2 hand axe of flaming
 g - a +1 trident of protection
Missiles
 n - 19 poisoned darts (quivered)
 p - 123 stones
 G - 4 curare-tipped darts
 M - 2 datura-tipped darts
Armour
 f - a +0 pair of gloves (worn)
 D - a +0 chain mail (worn)
 V - a +0 plate armour
 W - the +2 shield of Resistance (worn) {rF++ rC++ Will++}
   (You bought it in a shop on level 1 of the Dungeon)

   rF:        It greatly protects you from fire.
   rC:        It greatly protects you from cold.
   Will:      It greatly increases your willpower.
 Y - a +0 cloak (worn)
Jewellery
 t - a +6 ring of dexterity (left hand)
 H - a ring of resist corrosion (right hand)
 P - a ring of protection from cold
Wands
 c - a wand of flame (12)
 C - a wand of charming (12)
 I - a wand of light (9)
 J - a wand of iceblast (24)
Scrolls
 d - 2 scrolls of amnesia
 e - 7 scrolls of teleportation
 o - a scroll of identify
 s - a scroll of silence
 v - 3 scrolls of fear
 x - a scroll of magic mapping
 z - 3 scrolls of fog
 E - a scroll of poison
 N - 7 scrolls of blinking
 O - a scroll of summoning
Potions
 h - a potion of flight {unknown}
 i - 6 potions of mutation
 j - 3 potions of curing
 k - 2 potions of degeneration {unknown}
 l - 5 potions of brilliance
 m - a potion of haste {unknown}
 q - 3 potions of heal wounds
 u - 4 potions of lignification {unknown}
 A - a potion of berserk rage {unknown}
 F - a potion of cancellation {unknown}
 Q - 2 potions of attraction {unknown}
 S - a potion of invisibility {unknown}
 X - a potion of magic {unknown}


   Skills:
 - Level 10.0 Fighting
 + Level 7.2(11.0) Axes
 - Level 12.8(13.6) Polearms
 - Level 10.0 Armour
 + Level 9.6 Shields


You had 10 spell levels left.
You didn't know any spells.
Your spell library contained the following spells:

 Spells                   Type           Power      Damage    Failure   Level
 Magic Dart               Conj           0%         1d3       99%         1
 Blink                    Tloc           0%         N/A       100%        2
 Call Imp                 Summ           0%         N/A       100%        2
 Searing Ray              Conj           0%         2d4       100%        2
 Sublimation of Blood     Necr           0%         N/A       100%        2
 Wereblood                Tmut           0%         N/A       100%        2
 Mephitic Cloud           Conj/Pois/Air  0%         N/A       100%        3
 Summon Guardian Golem    Hex/Summ       0%         N/A       100%        3
 Fulminant Prism          Conj/Hex       0%         3d6       100%        4
 Manifold Assault         Tloc           0%         N/A       100%        5
 Orb of Destruction       Conj           0%         9d5       100%        7
 Spellforged Servitor     Conj/Summ      0%         N/A       100%        7
 Storm Form               Tmut/Air       0%         N/A       100%        7
 Summon Hydra             Summ           0%         N/A       100%        7
 Chain Lightning          Conj/Air       0%         N/A       100%        9
 Fire Storm               Conj/Fire      0%         5d1       100%        9
 Shatter                  Erth           0%         3d5*      100%        9


Dungeon Overview and Level Annotations

Branches:
Dungeon (10/15)            Temple (0/1) D:6            Lair (0/5) D:9
  Sewer (visited)          Bailey (visited)
    Orc: D:9-12

Altars:
Ashenzari
Gozag
Nemelex Xobeh
Sif Muna
Wu Jian
Xom

Shops:
D:1 [(*??   D:4 ?*   D:5 *

Annotations:
D:6 2 runed translucent doors, gelatine's ghost, novice OpTm
D:10 Nergalle


Innate Abilities, Weirdness & Mutations

You have a pair of horns on your head.
You reflexively headbutt those who attack you in melee.


Message History

Aim: a two-headed ogre, wielding two +0 giant clubs (poisoned, 78% to hit)
You throw a poisoned dart.
The poisoned dart hits the two-headed ogre.
You hit the two-headed ogre. You headbutt the two-headed ogre.
The two-headed ogre is lightly wounded.
The two-headed ogre hits you with a +0 giant club!
The two-headed ogre hits you with a +0 giant club.
You barely miss the two-headed ogre.
The two-headed ogre is lightly wounded.
The two-headed ogre hits you with a +0 giant club! x2
You slash the two-headed ogre!
The two-headed ogre is heavily wounded.
The two-headed ogre hits you with a +0 giant club!
You block the two-headed ogre's attack.
You slash the two-headed ogre!
The two-headed ogre is almost dead.
The two-headed ogre hits you with a +0 giant club!!
* * * LOW HITPOINT WARNING * * *
The two-headed ogre hits you with a +0 giant club!
* * * LOW HITPOINT WARNING * * *
You hit the two-headed ogre but do no damage.
Your headbutt misses the two-headed ogre.
The two-headed ogre is almost dead.
The two-headed ogre looks more healthy.
You slice the two-headed ogre!!
You kill the two-headed ogre!
Your base Axes skill increases to level 7!
You now have 2008 gold pieces (gained 11).
Things that are here:
a +0 giant club; a +0 giant club You start resting.
Nergalle is nearby!
Nergalle shouts!
Nergalle gestures at you while chanting.
The bolt of negative energy hits you!!
You feel drained.
* * * LOW HITPOINT WARNING * * *
Nergalle points at you and mumbles some strange words.
The bolt of negative energy hits you!
You feel drained.
You die...
Your body crumbles into a pile of gold.

'.... #.....# #......... #...
#.....# #......... #.(. #.....#
#...#####. #.(# #.....#
#...#...#. #..#
#.....######...'...'. #.)########
#.............>#...#.
#.........###..............#...#.
#..........................#####.
............o...@................
#########........################
#........# ##########


You could see Nergalle.

Vanquished Creatures
  2 vault guards (Bailey)
  A two-headed ogre (D:10)
  Psyche (D:9)
  A komodo dragon (D:9)
  Prince Ribbit (Bailey)
  2 shadows
  A wraith (D:9)
  Sigmund (D:2)
  2 wyverns
  The ghost of SnakkuSnakku7 the Caller, an amateur PaSu of Uskayaw (D:4)
  6 humans (Bailey)
  A steam dragon (D:8)
  Edmund (D:6)
  Menkaure (D:6)
  3 water moccasins (D:5)
  5 orc warriors
  An ice beast (D:6)
  2 sky beasts
  4 ogres
  2 phantoms
  3 centaurs
  4 kobold brigands
  Blork the orc (D:6)
  14 bullfrogs
  A necrophage (D:8)
  2 scorpions
  11 wights
  13 killer bees (D:8)
  2 howler monkeys (D:7)
  6 orc priests
  A gnoll bouda (D:6)
  5 hounds
  Crazy Yiuf (D:7)
  3 iguanas
  14 orc wizards
  7 gnolls
  12 adders
  2 shadow imps
  3 white imps
  2 ufetubi
  2 worms
  2 dart slugs
  24 orcs
  6 bats
  12 endoplasms
  5 giant cockroaches
  12 goblins
  8 hobgoblins
  6 jackals
  5 quokkas
  9 ball pythons
  5 frilled lizards (D:1)
  18 kobolds
  11 rats
271 creatures vanquished.

Vanquished Creatures (others)
  5 plants (D:9)
5 creatures vanquished.

Grand Total: 276 creatures vanquished

Notes
Turn   | Place    | Note
-------+----------+-------------------------------------------
     0 | D:1      | apoch the Minotaur Fighter began the quest for the Orb.
     0 | D:1      | Reached XP level 1. HP: 19/19 MP: 0/0
   192 | D:1      | Found Lolar's General Store.
   206 | D:1      | Reached skill level 3 in Polearms
   257 | D:1      | Reached XP level 2. HP: 27/27 MP: 1/1
   378 | D:1      | Found Enaxom's Magic Scroll Boutique.
   435 | D:1      | Found Agogerghou's Magic Scroll Shop.
   685 | D:1      | Reached skill level 4 in Polearms
   740 | D:1      | Reached XP level 3. HP: 33/33 MP: 2/2
   810 | D:1      | You fall into a shaft and drop 1 floor!
   975 | D:1      | Found Veleitia's Armour Emporium.
  1087 | D:1      | Found Poime Riont's Weapon Boutique.
  1443 | D:2      | Noticed Sigmund
  1448 | D:2      | Killed Sigmund
  1449 | D:2      | Reached skill level 7 in Polearms
  1449 | D:2      | Reached XP level 4. HP: 16/40 MP: 3/3
  1449 | D:2      | Reached XP level 5. HP: 19/46 MP: 4/4
  2890 | D:4      | Noticed an ogre
  2891 | D:4      | Noticed a sky beast
  2917 | D:4      | Reached XP level 6. HP: 29/52 MP: 5/5
  2925 | D:4      | Killed a sky beast
  2926 | D:4      | Reached skill level 8 in Polearms
  2974 | D:4      | Found a glowing drain.
  3034 | Sewer    | Entered a sewer
  3051 | Sewer    | Reached skill level 9 in Polearms
  3263 | Sewer    | Reached XP level 7. HP: 58/58 MP: 6/6
  3726 | D:4      | Found Lir Luneas's Magic Scroll Shoppe.
  3776 | D:4      | Found an ornate altar of the Wu Jian Council.
  3794 | D:4      | Found an opulent altar of Gozag.
  3813 | D:4      | Became a worshipper of Gozag Ym Sagoz the Greedy
  3854 | D:4      | Found a runed translucent gate.
  3855 | D:4      | Found a runed translucent gate.
  3855 | D:4      | Found a runed translucent gate.
  3858 | D:4      | Noticed SnakkuSnakku7's ghost (amateur PaSu)
  3868 | D:4      | Found Gacinloe's Assorted Antiques.
  3932 | D:4      | Reached skill level 10 in Polearms
  4285 | D:4      | Killed SnakkuSnakku7's ghost
  4417 | D:5      | Entered Level 5 of the Dungeon
  4459 | D:5      | Reached skill level 11 in Polearms
  4668 | D:5      | Reached XP level 8. HP: 64/66 MP: 7/7
  4806 | D:5      | Reached skill level 12 in Polearms
  4879 | D:5      | Found Feni's Serpentskin Sales.
  4894 | D:5      | Reached skill level 5 in Fighting
  5030 | D:5      | Found a shimmering altar of Xom.
  5364 | D:5      | Found a shimmering blue altar of Sif Muna.
  5398 | D:6      | Found a staircase to the Ecumenical Temple.
  5419 | D:6      | Found a sparkling altar of Nemelex Xobeh.
  5660 | D:6      | Noticed Edmund
  5672 | D:6      | Killed Edmund
  5739 | D:6      | Noticed Blork the orc
  5743 | D:6      | Killed Blork the orc
  5744 | D:6      | Reached XP level 9. HP: 82/82 MP: 8/8
  5778 | D:6      | Found a large runed translucent door.
  5783 | D:6      | Found a large runed translucent door.
  5785 | D:6      | Noticed gelatine's ghost (novice OpTm)
  5797 | D:6      | Noticed Menkaure
  5803 | D:6      | Killed Menkaure
  6298 | D:7      | Found a flagged portal.
  6436 | Bailey   | Entered a bailey
  6454 | Bailey   | Reached skill level 10 in Fighting
  6485 | Bailey   | Reached skill level 5 in Armour
  6809 | Bailey   | Noticed a vault guard
  6809 | Bailey   | Noticed Prince Ribbit
  6822 | Bailey   | Killed a vault guard
  6823 | Bailey   | Reached XP level 10. HP: 43/93 MP: 9/9
  6825 | Bailey   | Killed Prince Ribbit
  6826 | Bailey   | Reached skill level 10 in Armour
  7075 | Bailey   | Noticed a vault guard
  7095 | Bailey   | Killed a vault guard
  7096 | Bailey   | Reached skill level 5 in Shields
  7766 | D:7      | Found a runed translucent door.
  7767 | D:7      | Noticed Crazy Yiuf
  7829 | D:7      | Reached skill level 1 in Axes
  8429 | D:1      | Bought the +2 shield of Resistance {rF++ rC++ Will++} for
                  | 705 gold pieces
  8429 | D:1      | Found the +2 shield of Resistance {rF++ rC++ Will++}
  8994 | D:7      | Killed Crazy Yiuf
  9221 | D:8      | Identified a scroll of acquirement
  9221 | D:8      | Acquired 1155 gold pieces
  9949 | D:8      | Reached skill level 5 in Axes
 10028 | D:9      | Reached XP level 11. HP: 94/99 MP: 10/10
 10306 | D:9      | Found a staircase to the Lair.
 11083 | D:9      | Noticed Psyche
 11089 | D:9      | Killed Psyche
 11394 | D:9      | Found a broken altar of Ashenzari.
 11638 | D:10     | Entered Level 10 of the Dungeon
 12236 | D:10     | Noticed a boulder beetle
 12249 | D:10     | Noticed Nergalle
 12268 | D:10     | HP: 4/89 [spectral orc knight/+0 war axe[Nergalle] (5)]
 12620 | D:10     | Noticed a two-headed ogre
 12630 | D:10     | Killed a two-headed ogre
 12677 | D:10     | HP: 1/93 [Nergalle/bolt of negative energy (19)]
 12684 | D:10     | Killed from afar by Nergalle

Illustrated notes

Levels and vault maps discovered:
D:1:      dpeg_arrival_short_road, layout_loops_cross, serial_shops,
          nicolae_lakefront_shop, nicolae_lakefront_shop,
          nicolae_shop_advertising_works [nicolae_subvault_shop_adworks], shop,
          nicolae_shop_behind_doors
D:2:      layout_loops_ring, uniq_sigmund
D:3:      layout_basic, kennysheep_generic_room_16
D:4:      layout_rooms, old_standard_altar, mainiacjoe_overflow_boulevard,
          cheibrodos_sewer_entry_drain, ebering_ghost_rock_garden, serial_shops,
          nicolae_diamond_shop, st_stairs_12, minivault_27,
          minmay_shop_grid_forest, nrook_loot_triangle, hangedman_decor_opposing
D:5:      layout_loops_ring, lemuel_blue_sif_altar,
          mainiacjoe_overflow_cross_hatched, skrybe_limestone_x,
          guppyfry_shop_venom
D:6:      layout_basic, old_standard_altar, minmay_temple_entry_mist,
          ebering_ghost_disaster_area, hangedman_glass_garden, uniq_edmund,
          uniq_blork_the_orc, uniq_menkaure
D:7:      layout_cave_pods, enter_bailey_5, nrook_campfire,
          reono_crystal_passage, minmay_strange_pillars,
          small_statue_intersection, uniq_crazy_yiuf_cottage
D:8:      layout_basic
D:9:      layout_basic, nicolae_ashenzari_skybound, david_lair_shrubbed,
          uniq_psyche
D:10:     minmay_distorted_concentric_squares, layout_irregular_city,
          uniq_nergalle, uniq_josephine

Skill      XL: |  1  2  3  4  5  6  7  8  9 10 11 |
---------------+----------------------------------+-----
Polearms       | 3 4 7 9 11 12 | 12.8
Fighting       | 8 10 | 10.0
Armour         | 9 10 | 10.0
Shields        | 8 9 |  9.6
Axes           | 5 7 |  7.2

Action                   |  1- 3 |  4- 6 |  7- 9 | 10-12 || total
-------------------------+-------+-------+-------+-------++-------
Melee: Trident           |   111 |    99 |   291 |   294 ||   795
       Headbutt          |    14 |     8 |    55 |    78 ||   155
       Broad axe         |       |       |       |   119 ||   119
Throw: Boomerang         |     5 |    38 |    71 |    71 ||   185
       Stone             |     4 |       |       |       ||     4
       Dart              |       |       |       |    38 ||    38
  Use: Potion            |     1 |     1 |     3 |     5 ||    10
       Scroll            |       |     6 |       |    15 ||    21
 Stab: Distracted        |       |       |     3 |     2 ||     5
Armor: Scale mail        |    41 |    12 |       |       ||    53
       Chain mail        |       |    40 |    94 |   128 ||   262
Dodge: Dodged            |    29 |    14 |    66 |    66 ||   175
Block: Buckler           |     8 |    11 |    41 |    18 ||    78
       Kite shield       |       |       |       |   150 ||   150
